Zazza, neutral female human Tourist ------- --------------- --------------- |>....| #-.............| ##..............-### |.....-#######|.<............########|.............| # ----.-- #|.............| ####-.............| ### ## -------------.- # |.............| # # # |.............| ### ### # --------------- # # # # ### ### ### # # ------ # # # ###|....| ### ### # #-....| # # # |@d..| # ----.-------# |`f..| -.------ |..........|# ------ |......| |..........|# |......| |..........|# |......| |...........# -------- ------------ Zazza the Rambler Experience level: 1 Strength: 12 Dexterity: 14 Constitution: 16 Intelligence: 12 Wisdom: 9 Charisma: 18 Health: 0(16) Energy: 4(4) Def: 1 Gold: 255 Moves: 2990 Dungeon seed: BRlcf2Fjf_fJF5-v Game ID: Zazza_1618829138 Your Inventory: Coins $ - 255 gold pieces Weapons a - 23 blessed +2 darts c - a +1 dagger f - a blessed +1 dagger X - a +0 sling Y - a +0 elven dagger (weapon in hand) Armor e - a blessed +0 Hawaiian shirt r - an uncursed +0 alchemy smock (being worn) y - a cursed -1 pair of leather gloves P - an uncursed +0 Hawaiian shirt Comestibles g - 4 uncursed eggs o - 3 uncursed eggs w - 11 uncursed food rations B - an uncursed banana J - 2 uncursed apples Scrolls i - 3 uncursed scrolls of magic mapping s - a blessed scroll of destroy armor Z - a blessed scroll of light Potions h - an uncursed potion of extra healing m - an uncursed potion of confusion t - an uncursed potion of water Wands H - a wand of digging (0:5) Tools b - an uncursed mirror d - an uncursed wax candle (0:400) j - an expensive camera (0:56) k - an uncursed credit card l - an uncursed towel Gems n - an uncursed worthless piece of black glass q - an uncursed worthless piece of violet glass z - 2 uncursed worthless pieces of white glass Spells and supernatural/magical abilities: Name Level Category Fail Memory W - pray for help -- divine ? -- Your skills at the end: Fighting Skills Weapon Skills dart [Basic] Spellcasting Skills Final Attributes: You were stridently aligned. You were poison resistant. You were acid resistant. You are dead. Vanquished creatures: a shrieker a gnome lord an acid blob a gas spore 3 hobbits a large kobold 2 giant rats a yellow mold a green mold a gnome a gnome zombie a gecko 9 jackals 2 sewer rats 4 grid bugs 5 lichens a kobold zombie 6 newts 42 creatures vanquished. Voluntary challenges: You used a wielded weapon 1 time, starting on turn 2941. You read items or engraved 7 times, starting on turn 702. You never genocided any monsters. You never polymorphed an object. You never changed form. You used no wishes. You never split a pudding. You wrote Elbereth's name 6 times, starting on turn 702. You never violated your personal moral code. Dungeon overview: The Dungeons of Doom: levels 1 to 4 Level 1 a long staircase Level 2 some fountains Level 3 a general store, an altar to The Lady stairs to The Gnomish Mines Level 4 <- You were here The Gnomish Mines: Level 4 stairs to The Dungeons of Doom History has recorded: On T:1 you entered the Dungeons of Doom to retrieve the Amulet of Yendor! On T:499 you reached level 2 of The Dungeons of Doom. On T:935 you reached level 3 of The Dungeons of Doom. On T:2539 you reached level 1 of The Gnomish Mines. On T:2611 you reached level 4 of The Dungeons of Doom. Score breakdown: Gold: 248 ( 8151 points) Experience: 1 level ( 0 points) Exploration: 4 levels ( 8.00%) ( 7423 points) Discoveries: 4 items ( 1.34%) ( 3475 points) Valuables value: (no points given unless you survive) Artifact value: 0 ( 0 points) Variety of kills: 18 monsters ( 4.72%) ( 6520 points) Turncount: 2990 turns ( -595 points) Survival: died (score multiplied by 80%) Total score: 19979 Latest messages: You displace Armand. The coyote bites! (2x) You displace Armand. Something is written here in the dust. You read: "El|ere?h". The coyote bites! You feel much better. The coyote bites! Something is written here in the dust. You read: "El|ere??". The coyote bites! You see here a statue of a coyote. The coyote bites! You displace Armand. There's some graffiti on the floor here. You read: "They ?ay that ?n? qu?ntum mecrari knows tha? ?pcec kills.". The coyote bites! You miss the coyote. The coyote bites! You die... Final status: Aloha Zazza the Tourist, killed by a coyote... You died in The Dungeons of Doom on dungeon level 4 with 19979 points, and 255 pieces of gold, after 2990 moves. You were level 1 with a maximum of 16 hit points when you died.